 Dungeon Crawl Stone Soup version 0.29.1-1-gd02db6906a (webtiles) character file.

Game seed: 5301249417953113780

355248 tizbic2 the Brawler (level 21, -16/154 HPs)
             Began as a Gargoyle Fighter on Sept 27, 2022.
             Was a High Priest of Zin.
             Collided with a rock wall (17 damage)
             ... caused by a deep elf knight
             ... on level 2 of the Elven Halls on Oct 1, 2022.
             The game lasted 04:30:45 (32955 turns).

tizbic2 the Brawler (Gargoyle Fighter)             Turns: 32955, Time: 04:30:47

Health: -16/154    AC: 34    Str: 21    XL:     21   Next: 93%
Magic:  26/26      EV: 34    Int: 20    God:    Zin [*****.]
Gold:   4643       SH: 18    Dex: 13    Spells: 15/31 levels left

rFire   + + +      SeeInvis +     - Unarmed
rCold   x . .      Faith    .   Q - +4 kite shield {AC+3}
rNeg    + + .      Spirit   .   d - +3 salamander hide armour {Flames rF++ rC--}
rPois   ∞          Reflect  .   t - +0 hat of the Sun {Contam rCorr Str-3 Int+8}
rElec   +          Harm     .   R - +2 cloak of Dramatic Exits {rF++}
rCorr   +          Rampage  .   j - +0 pair of gloves {hurl}
Will    +++..      Rage     9%  a - +0 pair of boots "Jiezi" {rC+}
Stlth   +......... NoTele   +   D - amulet of Megalomania {Acrobat -Tele Will+ Regen+}
HPRegen 1.15/turn               z - ring of see invisible
MPRegen 0.20/turn               e - ring "Poibuu" {rN+ Will+ EV+4}

@: acrobatic, flying
A: sickness immunity, AC +16, big wings, negative energy resistance 1,
electricity resistance, torment resistance 1, petrification resistance, hooves
1, horns 1, agile 1, berserk 2, low MP 1, robust 1, screaming 1, weak 1, wild
magic 1
}: 3/15 runes: decaying, slimy, gossamer
a: Renounce Religion, Recite, Vitalisation, Imprison, Sanctuary, Donate Gold


You were on level 2 of the Elven Halls.
You worshipped Zin.
Zin was extremely pleased with you.
You visited 9 branches of the dungeon, and saw 42 of its levels.
You visited the Abyss 1 time.
You also visited: Volcano.

You collected 7270 gold pieces.
You spent 2517 gold pieces at shops.
You donated 110 gold pieces to Zin.

Inventory:

Hand Weapons
 w - the +11 sling "Yschul" {flame, rF- Int+4 Dex+4}
   (You found it on level 1 of the Orcish Mines)

   Any ammunition fired from it burns those it strikes, dealing additional fire
   damage.
   Int:       It affects your intelligence (+4).
   Dex:       It affects your dexterity (+4).
   rF:        It makes you vulnerable to fire.
Missiles
 c - 3 throwing nets (quivered)
 F - 5 silver javelins
 K - 13 atropa-tipped darts
 L - 15 curare-tipped darts
Armour
 a - the +0 pair of boots "Jiezi" (worn) {rC+}
   (You bought it in a shop on level 1 of the Orcish Mines)

   rC:        It protects you from cold.
 b - +0 ice dragon scales
 d - the +3 salamander hide armour (worn) {Flames rF++ rC--}
   (You found it on level 15 of the Dungeon)

   It surrounds you with a cloud of flames.
   It grants immunity to clouds of flame.
   It enhances your fire magic.
   rF:        It greatly protects you from fire.
   rC:        It makes you very vulnerable to cold.
 j - a +0 pair of gloves of hurling (worn)
 n - the +1 leather armour of Zin's Indignation {Drain rC+++ Str+3 Stlth+}
   (You found it on level 1 of the Lair of Beasts)

   Str:       It affects your strength (+3).
   rC:        It renders you almost immune to cold.
   Drain:     It drains your maximum health when unequipped.
   Stlth:     It makes you more stealthy.
 p - the +2 ring mail of the Four Knaves {rN+ Will+ Str-4 Slay+2}
   (You found it on level 5 of the Pits of Slime)

   Str:       It affects your strength (-4).
   Slay:      It affects your accuracy & damage with ranged weapons and melee
   (+2).
   rN:        It protects you from negative energy.
   Will:      It increases your willpower.
 t - the +0 hat of the Sun (worn) {Contam rCorr Str-3 Int+8}
   (You found it on level 4 of the Spider Nest)

   Str:       It affects your strength (-3).
   Int:       It affects your intelligence (+8).
   Contam:    It causes magical contamination when unequipped.
   rCorr:     It protects you from acid and corrosion.
 G - a +2 pair of boots of rampaging
 Q - a +4 kite shield of protection (worn)
 R - the +2 cloak of Dramatic Exits (worn) {rF++}
   (You found it on level 2 of the Swamp)

   rF:        It greatly protects you from fire.
Jewellery
 e - the ring "Poibuu" (right hand) {rN+ Will+ EV+4}
   (You found it on level 2 of the Swamp)

   [ring of evasion]

   EV:        It affects your evasion (+4).
   rN:        It protects you from negative energy.
   Will:      It increases your willpower.
 g - the ring of Tomorrow {rCorr Str+3}
   (You found it on level 4 of the Swamp)

   [ring of resist corrosion]

   Str:       It affects your strength (+3).
   rCorr:     It protects you from acid and corrosion.
 x - a +4 ring of slaying
 z - a ring of see invisible (left hand)
 A - the ring of the Hare {EV+8}
   (You acquired it on level 7 of the Dungeon)

   [ring of evasion]

   EV:        It affects your evasion (+8).
 D - the amulet of Megalomania (around neck) {Acrobat -Tele Will+ Regen+}
   (You bought it in a shop on level 7 of the Dungeon)

   [amulet of the acrobat]

   It increases your evasion while moving and waiting.
   -Tele:     It prevents most forms of teleportation.
   Regen:     It increases your rate of health regeneration.
   Will:      It increases your willpower.
Wands
 l - a wand of mindburst (14)
 v - a wand of roots (42)
 y - a wand of polymorph (15)
 E - a wand of light (16)
 M - a wand of digging (3)
 V - a wand of paralysis (13)
Scrolls
 h - 13 scrolls of teleportation
 i - 5 scrolls of immolation
 I - 2 scrolls of silence
 J - 5 scrolls of enchant weapon
 O - 5 scrolls of torment
 P - 11 scrolls of poison
 S - 2 scrolls of magic mapping
 X - 16 scrolls of identify
 Y - 4 scrolls of fear
Potions
 f - 9 potions of ambrosia
 k - 8 potions of mutation
 m - 3 potions of lignification
 o - 2 potions of invisibility
 q - 3 potions of curing
 s - 4 potions of cancellation
 u - 2 potions of haste
 C - 3 potions of attraction
 H - a potion of berserk rage
 T - 3 potions of resistance
 U - 2 potions of might
 W - 3 potions of magic
Miscellaneous
 r - a phantom mirror
 B - a phantom mirror
 N - a lightning rod (4/4)
 Z - a lightning rod (4/4)


   Skills:
 + Level 17.8 Fighting
 - Level 3.5 Axes
 - Level 5.5 Ranged Weapons
 - Level 1.2 Throwing
 * Level 17.7 Armour
 * Level 9.0 Dodging
 * Level 17.8 Shields
 - Level 18.0 Unarmed Combat
 - Level 5.6 Spellcasting
 - Level 6.9 Conjurations
 - Level 5.0 Translocations
 - Level 6.2 Transmutations
 - Level 5.1 Fire Magic
 - Level 10.5 Air Magic
 - Level 4.7 Earth Magic
 - Level 8.6 Invocations


You had 15 spell levels left.
You knew the following spells:

 Your Spells              Type           Power      Damage    Failure   Level
a - Beastly Appendage     Tmut           78%        N/A       2%          1
b - Wereblood             Tmut           39%        N/A       4%          2
c - Blade Hands           Tmut           19%        N/A       45%         5
d - Passwall              Tmut/Erth      29%        N/A       5%          2
e - Apportation           Tloc           66%        N/A       4%          1
f - Gell's Gravitas       Tloc           33%        N/A       11%         3
g - Scorch                Fire           100%       2d10      5%          2

Your spell library contained the following spells:

 Spells                   Type           Power      Damage    Failure   Level
 Static Discharge         Conj/Air       52%        3-10/arc  1%          2
 Magic Dart               Conj           100%       1d8       2%          1
 Sandblast                Erth           62%        2d14      4%          1
 Blink                    Tloc           66%        N/A       6%          2
 Sting                    Tmut/Pois      92%        1d7       8%          1
 Conjure Flame            Conj/Fire      55%        6-21      8%          3
 Mephitic Cloud           Conj/Pois/Air  37%        N/A       8%          3
 Stone Arrow              Conj/Erth      74%        3d11      8%          3
 Lesser Beckoning         Tloc           33%        N/A       11%         3
 Teleport Other           Tloc           33%        N/A       11%         3
 Ignite Poison            Fire/Tmut/Pois 40%        N/A       17%         3
 Dazzling Flash           Conj/Hex       50%        N/A       19%         3
 Lightning Bolt           Conj/Air       26%        1d42      21%         5
 Spider Form              Tmut/Pois      23%        N/A       22%         3
 Flame Wave               Conj/Fire      55%        2d13      22%         4
 Iskenderun's Mystic Bla  Conj/Tloc      38%        2d9       22%         4
 Sticky Flame             Conj/Fire      55%        2d7       22%         4
 Necrotise                Necr           28%        1d5       26%         1
 Slow                     Hex            28%        N/A       26%         1
 Summon Small Mammal      Summ           28%        N/A       26%         1
 Portal Projectile        Hex/Tloc       40%        N/A       28%         3
 Call Imp                 Summ           7%         N/A       36%         2
 Iskenderun's Battlesphe  Conj           43%        2d9       36%         5
 Corpse Rot               Necr/Pois/Air  25%        N/A       47%         4
 Fireball                 Conj/Fire      27%        3d12      47%         5
 Fulminant Prism          Conj/Hex       12%        3d9       50%         4
 Freezing Cloud           Conj/Ice/Air   18%        6-21      50%         5
 Tukima's Dance           Hex            7%         N/A       58%         3
 Manifold Assault         Tloc           33%        N/A       63%         5
 Animate Armour           Summ/Erth      38%        N/A       65%         4
 Leda's Liquefaction      Hex/Erth       9%         N/A       65%         4
 Lee's Rapid Deconstruct  Erth           15%        3d11*     67%         5
 Conjure Ball Lightning   Conj/Air       26%        3x3d7     67%         6
 Borgnjor's Vile Clutch   Necr/Erth      9%         N/A       92%         5
 Starburst                Conj/Fire      27%        6d9       96%         6
 Iron Shot                Conj/Erth      18%        9d4       97%         6
 Simulacrum               Ice/Necr       3%         N/A       100%        6
 Summon Cactus Giant      Summ           3%         N/A       100%        6
 Enfeeble                 Hex            3%         N/A       100%        7
 Orb of Destruction       Conj           21%        9d8       100%        7
 Ozocubu's Refrigeration  Ice            3%         4d8       100%        7
 Ignition                 Fire           25%        3d9       100%        8
 Maxwell's Capacitive Co  Air            29%        ∞         100%        8
 Death's Door             Necr           3%         N/A       100%        9
 Polar Vortex             Ice            3%         N/A       100%        9
 Sublimation of Blood     Necr           Unusable   N/A       N/A         2
 Statue Form              Tmut/Erth      Unusable   N/A       N/A         6

Dungeon Overview and Level Annotations

Branches:
Dungeon (15/15)            Temple (1/1) D:7            Lair (5/5) D:8
  Swamp (4/4) Lair:2       Spider (4/4) Lair:3        Slime (5/5) Lair:4
    Orc (2/2) D:11            Elf (2/3) Orc:2        Vaults (0/5) D:13
 Depths (4/4) D:15        Volcano (visited)
    Zot: Depths:4

Altars:
Ashenzari
Cheibriados
Dithmenos
Elyvilon
Fedhas
Gozag
Hepliaklqana
Kikubaaqudgha
Makhleb
Nemelex Xobeh
Okawaru
Qazlal
Ru
Sif Muna
Trog
Uskayaw
Vehumet
Wu Jian
Xom
Yredelemnul
Zin
The Shining One
Jiyva
Lugonu

Shops:
D:7 =   D:12 [   D:15 (   Orc:1 [   Orc:2 :*[(   Depths:1 =

Portals:
Hell: Depths:2 Depths:3
Abyss: Lair:5 Depths:2 Depths:3

Annotations:
Depths:4 Parghit


Innate Abilities, Weirdness & Mutations

You are immune to sickness and miasma.
Your stone body is resilient. (AC +16)
You are immune to poison.
Your large and strong wings let you fly.
You resist negative energy. (rN+)
You are resistant to electric shocks. (rElec)
You are resistant to unholy torment.
You are immune to petrification.
You have large cloven feet.
You have a pair of small horns on your head.
You are agile. (Dex +4, Str/Int -1)
You have an uncontrollable temper.
Your magical capacity is low. (-10% MP)
You are robust. (+10% HP)
You occasionally shout uncontrollably at your foes.
You are weak. (Str -2)
Your spells are a little harder to cast, but a little more powerful.


Message History

The +0 vorpal halberd completely resists.
The bolt of lightning hits you. You resist.
* * * LOW HITPOINT WARNING * * *
The deep elf knight shoots an arrow.
The arrow closely misses you.
The +0 vorpal halberd hits you from afar!
* * * LOW HITPOINT WARNING * * *
x2
As you read the scroll of fear, it crumbles to dust.
You assume a fearsome visage.
The +0 vorpal halberd is unaffected.
The deep elf knight resists with almost no effort. x2
The deep elf zephyrmancer looks frightened!
The deep elf knight looks frightened!
The deep elf zephyrmancer looks frightened!
The deep elf knight points at you and mumbles some strange words.
The shard of ice hits you!!
You feel a painful chill! Zin protects you from harm!
You block the +0 vorpal halberd's attack.
The deep elf zephyrmancer casts a spell.
The deep elf zephyrmancer blinks!
The deep elf zephyrmancer casts a spell.
The deep elf zephyrmancer blinks!
You feel better.
The deep elf knight shoots an arrow.
The arrow barely misses you.
The +0 vorpal halberd closely misses you.
The deep elf knight shoots an arrow.
The arrow closely misses you.
The +0 vorpal halberd completely misses you.
The deep elf knight is engulfed in blazing flames.
The deep elf knight unwields a +0 shortbow.
You block the deep elf knight's attack.
The deep elf knight is engulfed in blazing flames.
The deep elf knight shoots an arrow.
The arrow closely misses you.
The deep elf knight is engulfed in blazing flames.
The deep elf knight casts a spell.
The deep elf knight flickers and vanishes for a moment.
The deep elf knight is engulfed in blazing flames.
The deep elf knight gestures at you while chanting.
The lance of force hits you!!
* * * LOW HITPOINT WARNING * * *
You are knocked back by the lance of force.
You slam into the rock wall!
You die...

##.....)..#### #.#
##.........# #.#
##..........# #.#
##....).....⌠# #.#
#............# #.#
....
#.⌠..........# #.#
....#
#...........## #.#
.....#
#....○§○...##
###'# ......
#...e○.§.@##
#...##
......##..(.○°§.##
#....#
.......').e☼☼☼.##
#.8♣..
.......')#######
#....#
.........###
#..#'#
........{..##
####..
............###
#.#
....e.)........
#.#
....e.).........
#.#


You could see 2 deep elf knights and a +0 vorpal halberd.

Vanquished Creatures
  the Royal Jelly (Slime:5)
  Margery (Depths:1)
  the Lernaean hydra (Swamp:4)
  A golden dragon (Depths:4)
  Nikola (Swamp:4)
  2 tentacled monstrosities
  A walking earthen tome (Depths:3)
  A lich (Depths:3)
  A deep elf blademaster (Elf:2)
  11 acid blobs
  A sphinx (Depths:2)
  A thorn hunter (Swamp:4)
  3 tengu reavers (Depths:3)
  10 azure jellies
  14 rockslimes
  9 fire giants
  6 frost giants
  A deep elf sorcerer (Elf:2)
  2 orc warlords
  6 emperor scorpions
  A ghost moth (shapeshifter) (Depths:2)
  6 ghost moths
  An angel (Abyss:2)
  5 very ugly things
  10 quicksilver oozes
  6 stone giants
  5 broodmothers
  3 vampire knights
  Nessos (D:14)
  6 eleionomae
  A red draconian (Volcano)
  5 bunyips
  2 deep elf annihilators
  6 entropy weavers
  2 spark wasps (Spider:4)
  Snorg (D:12)
  A deep elf death mage (Elf:2)
  4 ettins (Orc:1)
  Josephine (D:12)
  A fire dragon (Depths:1)
  A deep elf high priest (Elf:2)
  7 great orbs of eyes
  2 ice dragons
  2 rakshasas
  A spriggan zombie (Depths:2)
  A great orb of eyes (shapeshifter) (Depths:2)
  4 jorogumos
  2 vault guards (D:13)
  8 boulder beetles
  4 centaur warriors
  3 spriggan air magi (Depths:2)
  A catoblepas (Lair:3)
  3 radroaches
  20 hydras
  3 two-headed ogres
  15 alligators
  A death yak (Lair:4)
  7 tengu warriors
  6 death scarabs (Spider:4)
  16 dancing weapons
  4 deep troll shamans
  2 vampire magi
  3 thrashing horrors (Lair:5)
  A soul eater (Depths:2)
  4 deep troll earth magi
  2 orc high priests
  Urug (D:14)
  A spectral emperor scorpion (Spider:4)
  6 spriggan berserkers
  5 hell knights
  Nergalle (Lair:1)
  Sonja (D:12)
  16 deep elf knights
  2 iron trolls
  11 pharaoh ants
  A sun moth (Spider:2)
  3 goliath frogs
  6 deep trolls
  10 swamp dragons
  4 bog bodies
  3 spriggan druids
  6 deep elf archers
  2 glowing orange brains (Depths:3)
  5 steelbarb worms
  2 phantasmal warriors (Depths:3)
  2 flayed ghosts
  23 deep elf pyromancers
  3 lindwurms (Swamp:4)
  2 spectral wolf spiders (Spider:4)
  Pikel (D:7)
  A tengu zombie (Depths:1)
  5 necromancers
  A wizard (D:15)
  A sphinx zombie (Depths:2)
  5 orc sorcerers
  27 ugly things
  14 orb spiders
  10 orc knights
  24 deep elf zephyrmancers
  27 wolf spiders
  66 slime creatures
  A tengu skeleton (Depths:1)
  A stone giant zombie (Depths:1)
  5 shining eyes
  22 cyclopes
  8 will-o-the-wisps
  5 manticores
  A moth of wrath (shapeshifter) (D:15)
  3 black mambas
  20 elephants
  5 moths of wrath
  2 torpor snails
  2 molten gargoyles (Volcano)
  5 cane toads
  A cane toad (shapeshifter) (Depths:3)
  3 eyes of devastation
  6 gargoyles
  2 smoke demons (Lair:5)
  3 yaktaurs
  9 demonic crawlers
  2 kobold demonologists (D:11)
  9 komodo dragons
  A redback zombie (Spider:4)
  5 tengu conjurers
  4 efreet
  6 spectral redbacks (Spider:4)
  An ancient zyme (Lair:5)
  A rime drake (Lair:3)
  7 tyrant leeches
  14 hornets
  7 trolls
  10 meliai
  19 tarantellas
  3 spectral tarantellas (Spider:4)
  4 spectral jumping spiders (Spider:4)
  A slime creature (shapeshifter) (D:11)
  18 blink frogs
  3 jumping spider zombies (Spider:4)
  5 dream sheep (Lair:2)
  2 tarantella zombies (Spider:4)
  2 centaur simulacra
  18 culicivoras
  2 shadows (D:10)
  17 jumping spiders
  5 air elementals
  6 water elementals
  17 spriggans
  A spriggan (shapeshifter) (D:11)
  2 ynoxinuls (Lair:5)
  34 yaks
  A culicivora (shapeshifter) (Lair:5)
  9 wraiths
  2 fire bats (Volcano)
  3 golden eyes
  2 large abominations (Lair:5)
  A vampire (D:14)
  A human (D:13)
  A golden eye (shapeshifter) (D:11)
  5 wyverns
  28 vampire mosquitoes
  3 chaos spawn (Lair:5)
  4 basilisks
  3 fire elementals (Elf:1)
  41 redbacks
  9 small abominations (Lair:5)
  12 wargs
  Menkaure (D:7)
  15 swamp worms
  2 acid dragons (D:11)
  A human skeleton (Depths:2)
  10 water moccasins
  30 orc warriors
  7 swamp drakes
  3 sky beasts
  3 black bears
  An ettin simulacrum (Depths:1)
  11 ogres
  9 wolves
  9 centaurs
  2 kobold brigands
  9 bullfrogs
  A tengu simulacrum (Depths:1)
  3 gnoll sergeants
  2 necrophages
  8 scorpions
  5 wights (D:9)
  8 killer bees
  5 howler monkeys
  8 lava snakes
  3 hounds
  4 jellies
  Crazy Yiuf (D:7)
  15 orc priests
  Jessica (D:3)
  3 iguanas
  18 orc wizards
  4 adders
  18 gnolls
  3 shadow imps
  2 white imps
  An ufetubus (D:7)
  A worm (D:3)
  A dart slug (D:1)
  57 orcs
  7 endoplasms
  5 giant cockroaches
  8 goblins
  3 hobgoblins (D:4)
  6 jackals
  3 quokkas
  2 ball pythons
  3 bats
  4 frilled lizards
  A jackal skeleton (D:8)
  12 kobolds
  2 kobold skeletons (D:8)
  3 rats
  18 briar patches
  A bush (Lair:2)
  2 butterflies (Lair:3)
  2 plants
1385 creatures vanquished.

Vanquished Creatures (others)
  A fire giant (Orc:1)
  A radroach (Spider:4)
  A dancing weapon (Elf:2)
  A deep troll shaman (Depths:3)
  2 deep elf knights (Elf:2)
  A deep elf zephyrmancer (Elf:2)
  A wolf spider (Spider:3)
  A manticore (D:11)
  A torpor snail (Spider:3)
  A demonic crawler (Spider:2)
  A bloated husk (Swamp:2)
  A jumping spider (Spider:2)
  A shadow (D:12)
  A redback (Spider:1)
  An orc wizard (Orc:1)
  A briar patch (Swamp:4)
  33 foxfires
  64 fungi
  92 plants
206 creatures vanquished.

Grand Total: 1591 creatures vanquished

Notes
Turn   | Place    | Note
-------+----------+-------------------------------------------
     0 | D:1      | tizbic2 the Gargoyle Fighter began the quest for the Orb.
     0 | D:1      | Reached XP level 1. HP: 14/14 MP: 1/1
    78 | D:1      | Found a faded altar of an unknown god.
    89 | D:1      | Prayed at the altar of an unknown god.
    89 | D:1      | Became a worshipper of Elyvilon the Healer
    89 | D:1      | Reached * piety under Elyvilon
   100 | D:1      | Got the Disquisition on Unholy Rituals and Heat
   125 | D:1      | Reached XP level 2. HP: 19/19 MP: 2/2
   462 | D:1      | Reached XP level 3. HP: 21/23 MP: 3/3
   830 | D:2      | Reached ** piety under Elyvilon
  1449 | D:2      | Gained mutation: You sometimes lose your temper in combat.
                  | [potion of mutation]
  1449 | D:2      | Gained mutation: You have a pair of small horns on your
                  | head. [potion of mutation]
  1449 | D:2      | Gained mutation: You have large cloven feet. [potion of
                  | mutation]
  1590 | D:3      | Reached *** piety under Elyvilon
  1654 | D:3      | Found a burning altar of Makhleb.
  1702 | D:3      | Reached skill level 1 in Invocations
  1702 | D:3      | Reached XP level 4. HP: 29/29 MP: 4/4
  1759 | D:3      | Reached skill level 3 in Unarmed Combat
  1877 | D:3      | Noticed Jessica
  1894 | D:3      | Killed Jessica
  2404 | D:4      | Reached XP level 5. HP: 26/33 MP: 6/6
  2457 | D:4      | Noticed an ogre
  2484 | D:5      | Entered Level 5 of the Dungeon
  2643 | D:5      | Noticed a black bear
  2652 | D:5      | Reached **** piety under Elyvilon
  2660 | D:5      | Killed a black bear
  2661 | D:5      | Reached XP level 6. HP: 35/38 MP: 6/8
  2768 | D:5      | Identified the ring "Ditzoh" {Wiz Int+4}
  3064 | D:4      | Reached skill level 4 in Unarmed Combat
  3184 | D:4      | Reached XP level 7. HP: 12/44 MP: 9/9
  4414 | D:6      | Noticed a cyan ugly thing
  4439 | D:6      | Killed a cyan ugly thing
  4440 | D:6      | Reached skill level 5 in Fighting
  4440 | D:6      | Reached skill level 5 in Armour
  4440 | D:6      | Reached skill level 5 in Shields
  4440 | D:6      | Reached skill level 5 in Unarmed Combat
  4440 | D:6      | Reached XP level 8. HP: 19/49 MP: 8/11
  4464 | D:6      | Reached skill level 5 in Invocations
  4601 | D:6      | Found a shadowy altar of Dithmenos.
  4749 | D:6      | Pacified an unseen horror
  4749 | D:6      | Noticed an unseen horror
  4750 | D:6      | Reached skill level 6 in Unarmed Combat
  5135 | D:6      | Reached XP level 9. HP: 42/55 MP: 13/13
  5568 | D:7      | Found an iron altar of Okawaru.
  5672 | D:7      | Noticed Menkaure
  5689 | D:7      | Killed Menkaure
  5811 | D:7      | Found a staircase to the Ecumenical Temple.
  5836 | Temple   | Entered the Ecumenical Temple
  5989 | D:7      | Found a bloodstained altar of Trog.
  6041 | D:7      | Noticed Pikel
  6055 | D:7      | HP: 2/55 [Pikel/+1 whip of freezing (1)]
  6059 | D:7      | Killed Pikel
  6060 | D:7      | Reached skill level 7 in Unarmed Combat
  6204 | D:7      | Identified a scroll of acquirement
  6205 | D:7      | Acquired the ring of the Hare {EV+8}
  6205 | D:7      | Found the ring of the Hare {EV+8}
  6272 | D:7      | Found a runed translucent door.
  6273 | D:7      | Noticed Crazy Yiuf
  6282 | D:7      | Killed Crazy Yiuf
  6400 | D:7      | Found Eboc's Jewellery Emporium.
  6541 | D:7      | Found an opulent altar of Gozag.
  6542 | D:7      | Found a glowing silver altar of Zin.
  6721 | D:8      | Reached ***** piety under Elyvilon
  6861 | D:8      | Found a shimmering blue altar of Sif Muna.
  6950 | D:8      | Noticed a two-headed ogre
  6956 | D:8      | Pacified a two-headed ogre
  6956 | D:8      | Elyvilon protects you from harm!
  6957 | D:8      | Reached XP level 10. HP: 20/61 MP: 12/15
  6968 | D:8      | Reached skill level 8 in Unarmed Combat
  7267 | D:7      | Bought the amulet of Megalomania {Acrobat -Tele Will+
                  | Regen+} for 462 gold pieces
  7455 | D:8      | Found a runed translucent door.
  7461 | D:8      | Found a basalt altar of Yredelemnul.
  7480 | D:8      | Found a staircase to the Lair.
  8156 | D:9      | Found a glowing golden altar of the Shining One.
  8180 | D:9      | Found a sacrificial altar of Ru.
  8393 | D:10     | Entered Level 10 of the Dungeon
  8471 | D:10     | Reached skill level 9 in Unarmed Combat
  8580 | D:10     | Found a radiant altar of Vehumet.
  8698 | D:10     | Reached XP level 11. HP: 68/68 MP: 17/17
  9460 | D:11     | Found a staircase to the Orcish Mines.
  9564 | D:11     | Noticed a two-headed ogre
  9569 | D:11     | Killed a two-headed ogre
  9570 | D:11     | Reached skill level 10 in Unarmed Combat
  9615 | D:11     | Noticed a two-headed ogre
  9620 | D:11     | Killed a two-headed ogre
  9674 | D:11     | Noticed a boulder beetle
  9676 | D:11     | Noticed a cyclops
  9715 | D:11     | Noticed a centaur warrior
  9722 | D:11     | Elyvilon protects you from harm!
  9730 | D:11     | Killed a centaur warrior
  9732 | D:11     | Killed a boulder beetle
  9734 | D:11     | Killed a cyclops
  9738 | D:11     | Noticed a cyclops
  9746 | D:11     | Killed a cyclops
  9747 | D:11     | Reached skill level 11 in Unarmed Combat
  9772 | D:11     | Reached XP level 12. HP: 75/76 MP: 16/18
  9909 | D:11     | Noticed a boulder beetle
  9928 | D:11     | Pacified a boulder beetle
  9989 | D:11     | Noticed a boulder beetle
  9997 | D:11     | Noticed a boulder beetle
 10041 | D:11     | Killed a boulder beetle
 10055 | D:11     | Killed a boulder beetle
 10056 | D:11     | Reached skill level 12 in Unarmed Combat
 10562 | D:12     | Noticed Josephine
 10605 | D:11     | Elyvilon protects you from harm!
 10609 | D:11     | Reached skill level 10 in Fighting
 10609 | D:11     | Reached skill level 10 in Shields
 10683 | D:12     | Killed Josephine
 10684 | D:12     | Reached skill level 10 in Armour
 10810 | D:12     | Noticed Snorg
 10825 | D:12     | Killed Snorg
 10854 | D:12     | Noticed a two-headed ogre
 10862 | D:12     | Killed a two-headed ogre
 10886 | D:12     | Reached XP level 13. HP: 83/83 MP: 19/19
 10989 | D:12     | Noticed Sonja
 11007 | D:12     | Reached skill level 13 in Unarmed Combat
 11025 | D:12     | Killed Sonja
 11337 | D:12     | Found Qucyoff's Armour Boutique.
 11507 | D:13     | Reached skill level 1 in Dodging
 11543 | D:12     | HP: 4/84 [meliai/divine providence (8)]
 11545 | D:12     | Elyvilon protects you from harm!
 11667 | D:13     | Noticed Urug
 11699 | D:14     | Killed Urug
 11883 | D:13     | Reached skill level 1 in Axes
 11985 | D:13     | Noticed a vault guard
 11998 | D:13     | Noticed a vault guard
 12015 | D:13     | Killed a vault guard
 12094 | D:13     | Found a gate to the Vaults.
 12114 | D:13     | Killed a vault guard
 12171 | D:13     | Reached skill level 14 in Unarmed Combat
 12305 | D:14     | Noticed Nessos
 12326 | D:14     | Killed Nessos
 12394 | D:14     | Gained mutation: Your large and strong wings let you fly.
                  | [Gargoyle growth]
 12394 | D:14     | Reached XP level 14. HP: 90/90 MP: 20/20
 12606 | D:14     | Reached skill level 1 in Spellcasting
 12612 | D:14     | Reached skill level 1 in Transmutations
 13101 | D:15     | Entered Level 15 of the Dungeon
 13294 | D:15     | Found Kogrilec's Firing Range.
 13343 | D:15     | Noticed a fire giant
 13344 | D:15     | Found a staircase to the Depths.
 13676 | D:15     | Learned a level 1 spell: Beastly Appendage
 13679 | D:15     | Learned a level 2 spell: Wereblood
 13755 | Abyss:2  | Cast into level 2 of the Abyss (a wizard)
 13765 | Abyss:2  | Noticed an angel
 13784 | Abyss:2  | Killed an angel
 13809 | D:15     | Escaped the Abyss
 13837 | D:15     | Found the +3 salamander hide armour {Flames rF++ rC--}
 13891 | D:15     | Killed a fire giant
 14156 | Orc:1    | Entered Level 1 of the Orcish Mines
 14174 | Orc:1    | Noticed an orc warlord
 14277 | D:11     | Killed an orc warlord
 14458 | Orc:1    | Reached skill level 15 in Unarmed Combat
 14458 | Orc:1    | Reached XP level 15. HP: 62/96 MP: 21/21
 14499 | Orc:1    | Noticed a fire giant
 14516 | Orc:1    | Killed a fire giant
 14523 | Orc:1    | Reached skill level 5 in Spellcasting
 14597 | Orc:1    | Identified the +1 war axe of Obsession {spect, Stlth+}
 14599 | Orc:1    | Identified the +2 long sword of Res Nullius {freeze, Fly
                  | rPois}
 14601 | Orc:1    | Identified the +11 sling "Yschul" {flame, rF- Int+4 Dex+4}
 14606 | Orc:1    | Identified the +9 sling "Hulof" {flame, Fly}
 14792 | Orc:1    | Reached skill level 1 in Ranged Weapons
 14933 | Orc:1    | Found Keehast's Antique Armour Boutique.
 14986 | Orc:1    | Bought a pair of glowing gloves for 150 gold pieces
 14986 | Orc:1    | Bought a glowing cloak for 150 gold pieces
 14986 | Orc:1    | Bought a pair of heavily runed boots for 190 gold pieces
 14986 | Orc:1    | Identified the +0 pair of boots "Jiezi" {rC+} (You bought
                  | it in a shop on level 1 of the Orcish Mines)
 15140 | Orc:1    | Learned a level 5 spell: Blade Hands
 15263 | Orc:2    | Entered Level 2 of the Orcish Mines
 15293 | Orc:2    | Found a staircase to the Elven Halls.
 15385 | Orc:2    | Noticed an orc warlord
 15405 | Orc:2    | Killed an orc warlord
 15418 | Orc:2    | Paralysed by an orc sorcerer for 4 turns
 15419 | Orc:2    | Reached skill level 5 in Transmutations
 15432 | Orc:2    | Found Resung's General Store.
 15437 | Orc:2    | Found Tysmitiu's Antique Weapon Shop.
 15523 | Orc:2    | Bought a scroll of enchant armour for 90 gold pieces
 15523 | Orc:2    | Bought a potion of curing for 36 gold pieces
 15542 | Orc:2    | Found Lalu's Book Shop.
 15608 | Orc:2    | Found Raick's Antique Armour Shop.
 15745 | Orc:2    | Found a dark tunnel.
 15754 | Volcano  | Entered a volcano
 15855 | Volcano  | Found a radiant altar of Vehumet.
 16632 | D:7      | Bought a +4 ring of slaying for 1014 gold pieces
 16745 | Lair:1   | Entered Level 1 of the Lair of Beasts
 16751 | Lair:1   | Noticed Nergalle
 16759 | Lair:1   | Killed Nergalle
 16768 | Lair:1   | Identified the +1 leather armour of Zin's Indignation
                  | {Drain rC+++ Str+3 Stlth+}
 16897 | Lair:1   | Reached skill level 1 in Throwing
 17216 | Lair:2   | Reached ****** piety under Elyvilon
 17622 | Lair:2   | Found a staircase to the Swamp.
 17832 | Lair:3   | Found a hide-covered altar of Uskayaw.
 17834 | Lair:3   | Found an ornate altar of the Wu Jian Council.
 17946 | Lair:3   | Reached XP level 16. HP: 103/103 MP: 24/24
 18130 | Lair:3   | Found a hole to the Spider Nest.
 18408 | Lair:3   | Reached skill level 16 in Unarmed Combat
 18771 | Lair:4   | Found a staircase to the Slime Pits.
 18825 | Lair:4   | Reached skill level 5 in Ranged Weapons
 19406 | Lair:5   | Entered Level 5 of the Lair of Beasts
 19649 | Lair:5   | Reached skill level 1 in Earth Magic
 19683 | Lair:5   | Reached skill level 1 in Translocations
 20149 | Lair:5   | Found a corrupted altar of Lugonu.
 20149 | Lair:5   | Found a one-way gate to the infinite horrors of the Abyss.
 20617 | Swamp:1  | Entered Level 1 of the Swamp
 20729 | Swamp:1  | Learned a level 2 spell: Passwall
 20731 | Swamp:1  | Learned a level 1 spell: Apportation
 20837 | Swamp:1  | Elyvilon protects you from harm!
 20996 | Swamp:1  | Acquired a manual of Air Magic
 21005 | Swamp:1  | Acquired the ring of Loben {Will+ EV+4 Dex+3}
 21033 | Swamp:1  | Acquired 1173 gold pieces
 21264 | Swamp:2  | Noticed a tentacled monstrosity
 21269 | Swamp:2  | Reached XP level 17. HP: 60/110 MP: 25/25
 21329 | Swamp:1  | Killed a tentacled monstrosity
 21565 | Swamp:2  | Found a transporter.
 21588 | Swamp:2  | Found a transporter.
 21712 | Swamp:2  | Gained mutation: You occasionally shout uncontrollably at
                  | your foes. [mutagenic glow]
 21721 | Swamp:2  | Identified the +2 cloak of Dramatic Exits {rF++}
 21725 | Swamp:2  | Identified the ring "Poibuu" {rN+ Will+ EV+4}
 22206 | Swamp:3  | Reached skill level 5 in Translocations
 22214 | Swamp:3  | Learned a level 3 spell: Gell's Gravitas
 22235 | Swamp:3  | Learned a level 2 spell: Scorch
 22333 | Swamp:3  | Reached skill level 1 in Fire Magic
 22438 | Swamp:4  | Entered Level 4 of the Swamp
 22488 | Swamp:4  | Noticed the 27-headed Lernaean hydra
 22505 | Swamp:4  | Killed the 27-headed Lernaean hydra
 22560 | Swamp:4  | Noticed Nikola
 22572 | Swamp:4  | Elyvilon protects you from harm!
 22573 | Swamp:4  | Killed Nikola
 22626 | Swamp:4  | Identified the ring of Tomorrow {rCorr Str+3} (You found it
                  | on level 4 of the Swamp)
 22632 | Swamp:4  | Got a decaying rune of Zot
 22884 | Swamp:4  | Noticed a tentacled monstrosity
 22894 | Swamp:4  | Killed a tentacled monstrosity
 23254 | Spider:1 | Entered Level 1 of the Spider Nest
 23353 | Spider:1 | Reached skill level 5 in Fire Magic
 23369 | Spider:1 | Reached XP level 18. HP: 118/118 MP: 26/26
 23374 | Spider:1 | Reached skill level 17 in Unarmed Combat
 23490 | Spider:1 | Reached skill level 1 in Air Magic
 23573 | Spider:1 | Reached skill level 1 in Conjurations
 24319 | Spider:2 | Reached skill level 15 in Fighting
 24409 | Spider:2 | Reached skill level 5 in Air Magic
 24862 | Spider:2 | You are sucked into a shaft and drop 1 floor!
 24885 | Spider:3 | Elyvilon protects you from harm!
 25812 | Spider:3 | Reached skill level 5 in Conjurations
 25825 | Spider:4 | Entered Level 4 of the Spider Nest
 26165 | Spider:4 | Reached XP level 19. HP: 77/125 MP: 1/27
 26517 | Spider:4 | Reached skill level 10 in Air Magic
 26759 | Spider:4 | Reached skill level 18 in Unarmed Combat
 26798 | Spider:4 | Identified the +0 hat of the Sun {Contam rCorr Str-3 Int+8}
 26819 | Spider:4 | Identified the +0 barding of the Elven Halls {Regen+}
 26829 | Spider:4 | Got a gossamer rune of Zot
 27069 | Slime:1  | Entered Level 1 of the Pits of Slime
 27239 | Slime:1  | Gained mutation: Your spells are a little harder to cast,
                  | but a little more powerful. [a shining eye]
 27518 | Slime:4  | Gained mutation: Your magical capacity is low. (-10% MP) [a
                  | shining eye]
 27520 | Slime:4  | Gained mutation: You are robust. (+10% HP) [a shining eye]
 27580 | Slime:5  | Entered Level 5 of the Pits of Slime
 27601 | Slime:5  | Elyvilon protects you from harm!
 27764 | Slime:5  | Reached skill level 15 in Shields
 27787 | Slime:5  | Reached skill level 15 in Armour
 27810 | Slime:5  | Reached XP level 20. HP: 97/145 MP: 25/25
 28099 | Slime:5  | Found a viscous altar of Jiyva.
 28099 | Slime:5  | Noticed the Royal Jelly
 28154 | Slime:5  | Killed the Royal Jelly
 28155 | Slime:5  | Reached skill level 5 in Dodging
 28297 | Slime:5  | Gained mutation: You are agile. (Dex +4, Str/Int -1) [a
                  | shining eye]
 28302 | Slime:5  | Gained mutation: You have an uncontrollable temper. [a
                  | shining eye]
 28306 | Slime:5  | Gained mutation: You are weak. (Str -2) [a shining eye]
 28462 | Slime:5  | Got a slimy rune of Zot
 28536 | Slime:5  | Identified the +2 ring mail of the Four Knaves {rN+ Will+
                  | Str-4 Slay+2}
 28826 | Depths:1 | Entered Level 1 of the Depths
 29010 | Depths:1 | Found Fughuliq's Jewellery Boutique.
 29030 | Depths:1 | Noticed Margery
 29095 | Depths:1 | Killed Margery
 29347 | Depths:2 | Found a gateway to Hell.
 29566 | Depths:2 | Got the Atlas of Rime and the Caves
 29569 | Depths:2 | Got the Meditations on Septic Interference
 29960 | Depths:4 | Entered Level 4 of the Depths
 29960 | Depths:4 | Noticed a golden dragon
 29973 | Depths:4 | Killed a golden dragon
 30004 | Depths:4 | Noticed Parghit
 30233 | Depths:3 | Reached XP level 21. HP: 112/152 MP: 24/26
 30625 | Depths:4 | Was placed under penance by Elyvilon
 31340 | D:7      | Fell from the grace of Elyvilon
 31340 | D:7      | Became a worshipper of Zin the Law-Giver
 31340 | D:7      | Reached * piety under Zin
 31340 | D:7      | Reached ** piety under Zin
 31340 | D:7      | Reached *** piety under Zin
 31340 | D:7      | Reached **** piety under Zin
 31547 | Orc:2    | Bought a blackened great sword for 425 gold pieces
 31547 | Orc:2    | Identified the +7 great sword of Tenacity {holy, rF+++
                  | rCorr Str+2 Int-3} (You bought it in a shop on level 2 of
                  | the Orcish Mines)
 31598 | Elf:1    | Entered Level 1 of the Elven Halls
 31799 | Elf:1    | Paralysed by an air elemental for 1 turns
 32351 | Elf:2    | Reached ***** piety under Zin
 32377 | Elf:2    | Paralysed by an air elemental for 1 turns
 32380 | Elf:2    | Paralysed by an air elemental for 1 turns
 32848 | Elf:2    | Found a runed translucent gate.
 32849 | Elf:2    | Found a runed translucent gate.
 32849 | Elf:2    | Found a runed translucent gate.
 32952 | Elf:2    | Zin protects you from harm!
 32955 | Elf:2    | HP: 1/154 [deep elf knight/lance of force (20)]
 32955 | Elf:2    | Collided with a rock wall

Illustrated notes

Levels and vault maps discovered:
D:1:      dpeg_arrival_pits, layout_basic, hellmonk_ecumenical_altar_blasted,
          minivault_25
D:2:      wander_river, layout_basic, dreamdust_mushroom_princess
D:3:      layout_basic, mainiacjoe_overflow_catwalk, uniq_jessica
D:4:      layout_basic, minmay_between
D:5:      layout_basic, portal_sewer_entry_d
D:6:      layout_basic, mainiacjoe_overflow_24_doors
D:7:      layout_basic, grunt_temple_overflow_gold_and_silver,
          trog_ov_bears_minmay, mainiacjoe_overflow_paths, temple_doors_cd,
          serial_shops, shop, uniq_pikel, uniq_crazy_yiuf_cottage, uniq_menkaure
D:8:      layout_cave_pools, dk_yredelemnul_ordeal, overflow_temple_1_default,
          lair_entry_dummy, kennysheep_generic_room_4
D:9:      layout_gridville, nicolae_ru_awakened_eye, tso_oasis_becter
D:10:     layout_basic, nicolae_vehumet_radiance
D:11:     minmay_the_grid_4x2 [minmay_the_grid_mess,
          minmay_the_grid_minigrid_small, minmay_the_grid_minigrid_small_alt,
          minmay_the_grid_tiny_cups, minmay_the_grid_outer_circle,
          minmay_the_grid_large_cup, minmay_the_grid_stretched_grid,
          minmay_the_grid_prize_four_corners], layout_loops_ring,
          small_statue_intersection, centaur_isle
D:12:     layout_roguey, serial_shops, shop, uniq_snorg, uniq_sonja,
          uniq_josephine
D:13:     layout_rooms, grunt_vaults_entry_fortified, uniq_urug
D:14:     layout_gridville, kennysheep_generic_room_5, uniq_nessos
D:15:     grunt_enter_depths_giant_problem, layout_irregular_city,
          hangedman_abyss_or_decor_jellyfish_corner, nicolae_shop_firing_range
Temple:   jpeg_temple_clearing
Lair:1:   layout_misc_corridors, grunt_megastairs_5,
          infiniplex_staircase_pool_2, serial_bayou_shore_b, uniq_nergalle
Lair:2:   layout_chaotic_city, swamp_mist
Lair:3:   layout_layer_cave, nicolae_spider_entry_non_spiders,
          nzn_masters_of_martial_movement, lemuel_fruit_fields,
          lemuel_fruit_fields
Lair:4:   layout_long_grid, minmay_slime_entry_pillars, hibernation_bobbens
Lair:5:   hellmonk_lair_end_abyssal_woods, layout_hall_layers
Swamp:1:  layout_basic_swamp, evilmike_swamp_ruin_rubble_1
Swamp:2:  gammafunk_worm_tunnel, layout_basic_swamp,
          evilmike_swamp_ruin_house_2, swamp_pool2
Swamp:3:  layout_basic_swamp, evilmike_swamp_ruin_house_3, swamp_pool5,
          infiniplex_staircase_pool
Swamp:4:  swamp_alternative, layout_basic_swamp, hangedman_swamp_cone,
          uniq_nikola
Spider:1: layout_chambers, nicolae_spider_circle_web
Spider:2: layout_spider_delve
Spider:3: layout_chambers, nicolae_spider_nooks_and_crannies
Spider:4: floodkiller_spider_rune_tomb
Slime:1:  layout_caves, cheibrodos_slime_lost_civilization_6
Slime:2:  layout_caves
Slime:3:  cheibrodos_slime_lost_civilization_10, layout_caves
Slime:4:  layout_caves
Slime:5
Orc:1:    giant_chief_lemuel, layout_caves, serial_shops, shop
Orc:2:    grunt_orc_cross, layout_diamond_mine,
          lightli_volcano_entry_magma_tube, basic_altar
Elf:1:    layout_gridlike, hangedman_corner_corridor, grunt_megastairs_3
Elf:2:    nicolae_elf_blades_crystal_corner, layout_geoelf_diagonals
Depths:1: layout_cave_shapes, grunt_metal_band, minmay_misc_feat_tiny,
          nrook_loot_triangle, grunt_decor_fettered, roderic_roman_lattice,
          serial_sigils_hangedman_stare, minmay_shop_enchanted_jewellery,
          minmay_orc_keep
Depths:2: minmay_strange_plus, layout_gridlike, enter_ziggurat_b,
          abyss_entry_glasseish, hangedman_tar_grid_catacomb,
          grunt_pan_entry_spiral, minmay_misc_feat_secret_circle,
          elyvilon_altar_5
Depths:3: nzn_winding_woodlands_cross [nzn_winding_woodlands_5x15_longhouse,
          nzn_winding_woodlands_5x15_lazy_stream,
          nzn_winding_woodlands_5x15_zeroes, nzn_winding_woodlands_5x15_jagged,
          nzn_winding_woodlands_15x15_five_gardens], layout_gridlike,
          hell_entry, abyss_entry, minmay_misc_feat_rugged, serial_shops, shop
Depths:4: grunt_x_marks_the_spot, layout_gridlike, abyss_entry,
          serial_corexii_hall, chequers_hall_statues_wall_a,
          chequers_hall_statues_wall_a, hell_entry, uniq_frederick, uniq_parghit

Skill      XL: |  1  2  3  4  5  6  7  8  9 10 11 12 13 14 15 16 17 18 19 20 21 |
---------------+----------------------------------------------------------------+-----
Invocations    | 1 2 3 4 6 7 8 |  8.6
Unarmed Combat | 3 4 5 6 7 9 11 12 14 15 16 17 18 | 18.0
Armour         | 4 5 6 7 9 10 11 12 13 14 15 16 17 | 17.7
Fighting       | 4 5 6 7 9 10 11 12 13 14 15 16 17 | 17.8
Shields        | 4 5 6 7 9 10 11 12 13 14 15 16 17 | 17.8
Dodging        | 1 4 7 9 |  9.0
Axes           | 3 |  3.5
Spellcasting   | 4 5 |  5.6
Transmutations | 4 5 6 |  6.2
Ranged Weapons | 4 5 |  5.5
Throwing       | 1 |  1.2
Earth Magic    | 4 |  4.7
Translocations | 3 5 |  5.0
Fire Magic     | 5 |  5.1
Air Magic      | 8 10 | 10.5
Conjurations   | 5 6 |  6.9

Action                   |  1- 3 |  4- 6 |  7- 9 | 10-12 | 13-15 | 16-18 | 19-21 || total
-------------------------+-------+-------+-------+-------+-------+-------+-------++-------
Melee: Unarmed           |   141 |    78 |   241 |   607 |   869 |   624 |  1039 ||  3599
       Kick              |     3 |    19 |    78 |   198 |   135 |       |       ||   433
       Headbutt          |     3 |    20 |    44 |   134 |   211 |   192 |   348 ||   952
       Dagger            |       |     8 |       |       |       |       |       ||     8
       Hand axe          |       |       |       |       |     4 |       |       ||     4
 Fire: Sling             |       |       |       |       |    69 |   112 |    26 ||   207
Throw: Boomerang         |       |    12 |     8 |     1 |     4 |       |       ||    25
       Javelin           |       |       |       |       |       |       |     3 ||     3
 Cast: Wereblood         |       |       |       |       |     8 |    15 |     7 ||    30
       Beastly Appendage |       |       |       |       |     1 |       |       ||     1
       Apportation       |       |       |       |       |       |    12 |       ||    12
       Scorch            |       |       |       |       |       |    16 |     8 ||    24
       Gell's Gravitas   |       |       |       |       |       |     3 |     8 ||    11
       Passwall          |       |       |       |       |       |     1 |     1 ||     2
Invok: Heal Other        |     1 |     1 |     3 |     2 |       |       |       ||     7
       Heal Self         |       |       |     6 |    15 |    13 |    11 |    13 ||    58
Evoke: Wand              |       |       |     1 |       |     2 |       |       ||     3
  Use: Scroll            |     7 |     1 |     4 |     7 |    10 |     6 |     4 ||    39
       Potion            |     1 |       |       |     6 |     7 |     4 |    20 ||    38
 Stab: Distracted        |       |       |       |       |     1 |     1 |       ||     2
       Invisible         |       |       |       |       |       |       |     2 ||     2
Armor: Scale mail        |    81 |     1 |       |       |       |       |       ||    82
       Chain mail        |       |    25 |   156 |    72 |       |       |       ||   253
       Plate armour      |       |       |       |   179 |       |       |       ||   179
       Skin              |       |       |       |     3 |    10 |       |       ||    13
       Troll leather arm |       |       |       |     2 |   225 |       |       ||   227
       Leather armour    |       |       |       |       |    69 |   506 |   467 ||  1042
Dodge: Dodged            |    60 |    19 |    75 |   442 |   700 |   700 |   806 ||  2802
Block: Buckler           |    30 |    22 |    65 |   248 |   120 |       |       ||   485
       Kite shield       |       |       |       |       |   505 |   793 |  1019 ||  2317
